 Dungeon Crawl Stone Soup version 0.32-a0-361-g289a535e89 (webtiles) character file.

Game seed: 16937624600724175760

144 zeratav the Slasher (level 5, -3/38 HPs)
             Began as a Coglin Gladiator on Feb 18, 2024.
             Slain by an orc
             ... wielding a +0 flail
              (7 damage)
             ... on level 4 of the Dungeon.
             The game lasted 00:03:13 (2639 turns).

zeratav the Slasher (Coglin Gladiator)              Turns: 2639, Time: 00:03:13

Health: -3/38      AC:  4    Str: 15    XL:     5   Next: 27%
Magic:  5/5        EV: 12    Int:  7    God:
Gold:   186        SH:  0    Dex: 17    Spells: 4/4 levels left

rFire   . . .        a - +0 long sword {Agam}
rCold   . . .        p - +1 dagger (venom) {short, Pancho}
rNeg    . . .        b - +0 leather armour
rPois   .            c - +0 helmet
rElec   .            (no cloak)
rCorr   .            (no gloves)
SInv    +            (no boots)
Will    .....        (no amulet)
Stlth   +            q - ring of see invisible
HPRegen 0.26/turn    (no ring)
MPRegen 0.09/turn

%: no passive effects
@: revving, stiff-legged, very slow
A: off-hand wielding, slow wielding, warmup strikes, warmup strides
a: no special abilities


You were on level 4 of the Dungeon.
You visited 1 branch of the dungeon, and saw 4 of its levels.

You collected 186 gold pieces.


Innate Abilities, Weirdness & Mutations

You can wield a second weapon in your off-hand.
It takes a long time for you to wield or remove held weapons.
Your first few attacks do less damage.
Your first movements take longer.


   Skills:
 - Level 2.0 Fighting
 + Level 5.8 Long Blades
 - Level 1.7 Throwing
 - Level 2.6 Dodging


You had 4 spell levels left.
You didn't know any spells.
Your spell library was empty.

Inventory:

Hand Weapons
 a - a +0 long sword (weapon) {Agam}
 f - a +0 dagger {short, Cipactli}
   (You took it off a goblin on level 1 of the Dungeon)
 p - a +1 dagger of venom (worn) {short, Pancho}
   (You took it off a goblin on level 3 of the Dungeon)
Missiles
 d - 3 throwing nets (quivered) {=fthrowing}
 e - a javelin {throwing}
Armour
 b - a +0 leather armour (worn)
 c - a +0 helmet (worn)
 s - the +0 robe of Xom's Hatred {Rampage Dex+3}
   (You found it on level 3 of the Dungeon)

   Dex+3:     It affects your dexterity (+3).
   Rampage:   It bestows one free step when moving towards enemies.
Jewellery
 q - a ring of see invisible (left grasper)
   (You took it off a kobold on level 3 of the Dungeon)
Scrolls
 g - a scroll of fear {unknown}
 h - a scroll of vulnerability {unknown}
 i - a scroll of immolation {unknown}
 j - a scroll of enchant weapon {unknown}
 k - a scroll of amnesia {unknown}
 l - a scroll of revelation {unknown}
 m - a scroll of identify {unknown}
 n - a scroll of fog {unknown}
 o - a scroll of teleportation {unknown}
Potions
 r - a potion of might {unknown}

Dungeon Overview and Level Annotations

Branches:
Dungeon (4/15) Zot: 21259
 Temple: D:4-7

Altars:
Makhleb
Ru
Wu Jian
Beogh

Shops:
D:1 *   D:2 :

Annotations:
D:3 3 runed translucent doors, soul19's ghost, amateur TrSh
D:4 Menkaure

..................#
................#.#
#.......##..##....##.#
#.......##.....#.....#
#.......##.###...###.#
........)<.......# .
###....###.###...###.##
##.#..<...##$_.......
#.#.###..##@..#.###.
#... #..##oM.#.# ####
#>.###.## # #..# #)#
#..# #.# ##.# #.. .#
... ...# ....


You could see Menkaure (fast) and an orc.


Message History

The orc shouts!
Soul19's ghost says, "Very impressive.
But it won't help.
Nothing will."
Could not explore, unopened runed door.
Unknown command.
You see here a +0 robe.
There is a stone staircase leading down here.
You climb downwards.
You hear the sound of rushing water.
There is an entrance to a sewer on this level.
Hurry and find it before the portal rusts away!
There is a stone staircase leading up here.
Found a stone staircase leading down.
Found an escape hatch in the ceiling.
A kobold comes into view. It is wielding a +0 dagger.
A hobgoblin comes into view.
The hobgoblin shouts!
There is an escape hatch in the ceiling here.
You barely miss the kobold with your +1 dagger of venom.
You slash the kobold with your +0 long sword!
You kill the kobold!
Things that are here:
a +0 dagger {short}; a kobold corpse You hit the hobgoblin but do no damage.
The hobgoblin is poisoned.
You barely miss the hobgoblin with your +0 long sword.
The hobgoblin closely misses you.
You barely miss the hobgoblin with your +0 long sword.
You hit the hobgoblin with your +1 dagger of venom.
The hobgoblin barely misses you.
You barely miss the hobgoblin with your +1 dagger of venom.
You slash the hobgoblin with your +0 long sword!
You kill the hobgoblin!
No target in view!
Things that are here:
a +0 dagger {short}; a kobold corpse
There is an escape hatch in the ceiling here.
Found an escape hatch in the floor.
Found a burning altar of Makhleb.
An endoplasm comes into view.
The endoplasm quivers.
The endoplasm hits you but does no damage.
You hit the endoplasm with your +1 dagger of venom.
You hit the endoplasm with your +0 long sword.
You kill the endoplasm!
No target in view!
An orc wizard comes into view.
It is wielding a +2 dagger of electrocution. 2 orcs come into view.
The orc shouts!
There is a burning altar of Makhleb here.
Things that are here:
a +0 whip {mace}; a +0 robe The orc wizard shouts!
Menkaure, Prince of Dust comes into view.
An orc comes into view. It is wielding a +0 flail.
The orc hits you but does no damage.
You barely miss the orc with your +0 long sword.
You hit the orc with your +1 dagger of venom.
The orc is poisoned.
The orc misses you.
You slash the orc with your +0 long sword!
You kill the orc!
Menkaure calls on the powers of darkness!
The orc convulses!
The orc wizard convulses!
The orc convulses!
Your body is wracked with pain!
HP[-18]
You take 18 damage, and now have 20/38 hp.
MASSIVE DAMAGE!! (PAUSE)
You barely miss the orc with your +1 dagger of venom.
You slash the orc with your +0 long sword!
You kill the orc!
You hit the orc wizard but do no damage.
The orc wizard is poisoned.
You closely miss the orc wizard with your +0 long sword.
The orc wizard casts a spell at you.
You are confused.
You completely miss the orc wizard with your +0 long sword.
You hit the orc wizard with your +1 dagger of venom.
The orc wizard looks as sick as possible!
The orc wizard hits you but does no damage.
Menkaure mumbles some strange words.
Menkaure seems to speed up.
You kill the orc wizard!
Menkaure calls on the powers of darkness!
The orc convulses!
Your body is wracked with pain!
* * * LOW HITPOINT WARNING * * *
HP[-8]
You take 8 damage, and now have 12/38 hp.
MASSIVE DAMAGE!! (PAUSE) Menkaure blazes with dark energy!
You bump into the rock wall.
The orc hits you with a +0 flail!
* * * LOW HITPOINT WARNING * * *
HP[-9]
You take 9 damage, and now have 3/38 hp.
MASSIVE DAMAGE!! (PAUSE)
You bump into the rock wall.
You feel less confused. The orc closely misses you.
HP[+1]
You hit Menkaure but do no damage.
You hit Menkaure with your +0 long sword.
The orc hits you with a +0 flail!
You die...

Skill      XL: |  1  2  3  4 |
---------------+-------------+-----
Long Blades    | 4 5 |  5.8
Fighting       | |  2.0
Throwing       | |  1.7
Dodging        | |  2.6

Action                     |  1- 3 |  4- 6 || total
---------------------------+-------+-------++-------
  Melee: Long sword        |    52 |    50 ||   102
         Dagger            |    16 |    45 ||    61
   Stab: Sleeping          |     1 |     1 ||     2
 Armour: Leather armour    |    21 |    29 ||    50
  Dodge: Dodged            |    46 |    21 ||    67

Levels and vault maps discovered:
D:1:      giann_forest_graveyard, layout_basic, serial_shops, shop
D:2:      layout_rooms, serial_shops, nicolae_shop_back_alley_shop
D:3:      layout_loops_ring, jmf_multi_god_temple, biasface_ghost_orc_armoury,
          kennysheep_cluttered_room, solitary_fountain, grunt_ministairs_12,
          minmay_misc_feat_columns
D:4:      layout_loops_ring, lemuel_round_altar, bloody_makhleb,
          portal_sewer_entry_d, reono_crystal_passage, uniq_pikel, uniq_menkaure

Notes
Turn   | Place    | Note
-------+----------+-------------------------------------------
     0 | D:1      | zeratav the Coglin Gladiator began the quest for the Orb.
     0 | D:1      | Reached XP level 1. HP: 16/16 MP: 1/1
     0 | D:1      | magus.rc [v1.9.6]
    38 | D:1      | Reached XP level 2. HP: 13/22 MP: 2/2
   181 | D:1      | Found Ixtaesomn's General Store.
   256 | D:1      | Reached skill level 4 in Long Blades
   257 | D:1      | Reached XP level 3. HP: 25/27 MP: 3/3
   664 | D:1      | You fall into a shaft and drop 1 floor!
  1276 | D:2      | Reached XP level 4. HP: 33/33 MP: 4/4
  1302 | D:2      | Found Ofamatest's Book Boutique.
  1418 | D:2      | Reached skill level 5 in Long Blades
  2005 | D:3      | Found a sacrificial altar of Ru.
  2005 | D:3      | Found an ornate altar of the Wu Jian Council.
  2170 | D:3      | Identified the +0 robe of Xom's Hatred {Rampage Dex+3}
  2197 | D:3      | Identified the +1 scale mail of Starshine {Slay+5}
  2198 | D:3      | Found a runed translucent gate.
  2199 | D:3      | Found a runed translucent gate.
  2200 | D:3      | Noticed soul19's ghost (amateur TrSh)
  2201 | D:3      | Found a runed translucent gate.
  2441 | D:3      | Reached XP level 5. HP: 38/38 MP: 5/5
  2540 | D:3      | Found a roughly hewn altar of Beogh.
  2618 | D:4      | Found a burning altar of Makhleb.
  2628 | D:4      | Noticed Menkaure
  2637 | D:4      | HP: 3/38 [orc/+0 flail (9)]
  2639 | D:4      | Slain by an orc

Vanquished Creatures
  An orc wizard (D:4)
  2 adders
  A ribbon worm (D:2)
  3 dart slugs
  2 orcs (D:4)
  5 endoplasms
  5 giant cockroaches
  13 goblins
  6 hobgoblins
  4 ball pythons
  4 bats
  3 frilled lizards
  5 kobolds
  3 rats
57 creatures vanquished.

Table legend:
 A = Non-vault XP
 B = Vault XP
 C = Vault XP percentage of total XP
 D = Non-vault monster count
 E = Vault monster count
 F = Vault count percentage of total count
                 A         B        C        D         E       F
            +---------+---------+-------+---------+---------+-------
      Total |     195 |      12 |   5.8 |      53 |       4 |   7.0
            +---------+---------+-------+---------+---------+-------
        D:1 |      65 |       0 |   0.0 |      22 |       0 |   0.0
        D:2 |      45 |       0 |   0.0 |      12 |       0 |   0.0
        D:3 |      47 |      12 |  20.3 |      13 |       4 |  23.5
        D:4 |      38 |       0 |   0.0 |       6 |       0 |   0.0
            +---------+---------+-------+---------+---------+-------

Skill      XL: |  1  2  3  4 |
---------------+-------------+-----
Long Blades    | 4 5 |  5.8
Fighting       | |  2.0
Throwing       | |  1.7
Dodging        | |  2.6

Action                     |  1- 3 |  4- 6 || total
---------------------------+-------+-------++-------
  Melee: Long sword        |    52 |    50 ||   102
         Dagger            |    16 |    45 ||    61
   Stab: Sleeping          |     1 |     1 ||     2
 Armour: Leather armour    |    21 |    29 ||    50
  Dodge: Dodged            |    46 |    21 ||    67

Illustrated notes

Table legend:
 A = Kills in this place as a percentage of kills in the entire game.
 B = Kills by you in this place as a percentage of kills by you in the entire game.
 C = Kills by friends in this place as a percentage of kills by friends in the entire game.
 D = Other kills in this place as a percentage of other kills in the entire game.
 E = Experience gained in this place as a percentage of experience gained in the entire game.
 F = Experience gained in this place divided by the number of levels of this place that you have seen.
                   A       B       C       D       E      F
               +-------+-------+-------+-------+-------+----------------------
         Total | 100.0 | 100.0 |   N/A |   N/A | 100.0 |  51.8
       Dungeon | 100.0 | 100.0 |   N/A |   N/A | 100.0 |  51.8
               +-------+-------+-------+-------+-------+----------------------

Table legend: (Time is in decaauts)
 A = Elapsed time spent in this place.
 B = Non-inter-level travel time spent in this place.
 C = Inter-level travel time spent in this place.
 D = Time resting spent in this place.
 E = Time spent auto-exploring this place.
 F = Levels seen in this place.
 G = Mean time per level.
                   A        B        C        D        E       F      G
               +--------+--------+--------+--------+--------+-----+--------+
         Total |   2739 |   2605 |    134 |      0 |   2249 |   4 |  684.8 |
       Dungeon |   2739 |   2605 |    134 |      0 |   2249 |   4 |  684.8 |
               +--------+--------+--------+--------+--------+-----+--------+

Top non-repeatable levels by time:
     D:1: 1161 daAuts
     D:3: 1007 daAuts
     D:2: 529 daAuts
     D:4: 41 daAuts
